 Dungeon Crawl Stone Soup version 0.23.0-3-gf3c87f2 (webtiles) character file.

Game seed: 5047423047723110030

20 skk the Shield-Bearer (level 2, -10/19 HPs)
             Began as a Gargoyle Fighter on Feb 23, 2019.
             Mangled by Crazy Yiuf
             ... wielding a +2 quarterstaff of chaos
              (22 damage)
             ... on level 2 of the Dungeon.
             The game lasted 00:01:12 (1014 turns).

skk the Shield-Bearer (Gargoyle Fighter)            Turns: 1014, Time: 00:01:12

Health: -10/19     AC:  9    Str: 19    XL:     2   Next: 79%
Magic:  1/2        EV:  7    Int:  8    God:
Gold:   60         SH:  9    Dex:  9    Spells: 1/1 levels left

rFire    . . .     SeeInvis .   a - +0 trident
rCold    . . .     Gourm    .   c - +0 shield
rNeg     + . .     Faith    .   b - +0 scale mail
rPois    ∞         Spirit   .   (no helmet)
rElec    +         Reflect  .   (no cloak)
rCorr    .         Harm     .   (no gloves)
MR       .....                  (no boots)
Stlth    ..........             (no amulet)
HPRegen  0.06/turn              k - ring of flight
MPRegen  0.08/turn              (no ring)

@: flying
A: negative energy resistance 1, electricity resistance, unbreathing,
petrification resistance, rot immunity, AC +2
a: Stop Flying


You were on level 2 of the Dungeon.
You were hungry.

You visited 1 branch of the dungeon, and saw 2 of its levels.

You collected 60 gold pieces.

Inventory:

Hand Weapons
 a - a +0 trident (weapon)
Armour
 b - a +0 scale mail (worn)
 c - a +0 shield (worn)
Jewellery
 k - a ring of flight (left hand)
Scrolls
 g - a scroll of teleportation {unknown}
 h - a scroll of remove curse
 j - a scroll of random uselessness {unknown}
 l - a scroll of amnesia {unknown}
Potions
 d - a potion of might
 e - a potion of lignification {unknown}
 i - a potion of mutation {unknown}
Comestibles
 f - 4 rations


   Skills:
 + Level 3.4 Fighting
 + Level 1.9 Polearms
 + Level 3.6 Armour
 + Level 0.1 Dodging
 + Level 0.1 Stealth
 + Level 3.8 Shields


You had one spell level left.
You didn't know any spells.
Your spell library was empty.

Dungeon Overview and Level Annotations

Branches:
Dungeon (2/15)

Altars:
Fedhas

Annotations:
D:2 Crazy Yiuf


Innate Abilities, Weirdness & Mutations

You are resistant to torment.
Your stone body is resilient. (AC +2)
You are immune to poison.
You resist negative energy. (rN+)
You are resistant to electric shocks. (rElec)
You can survive without breathing.
You are immune to petrification.
You are immune to rotting.


Message History

m - a cursed -1 mace (weapon)
As you read the scroll labeled TUOWI YCAMEASCH, it crumbles to dust.
You feel as if something is helping you.
It was a scroll of remove curse.
Drop what? 13/52 slots (_ for help) (? for menu, Esc to quit)
You are now empty-handed.
You drop a -1 mace.
Put on which piece of jewellery? (? for menu, Esc to quit)
k - a ring of flight (left hand)
You fail to use your ability.
You feel very buoyant.
You fly up into the air.
You feel somewhat more hungry.
Wield which item (- for none, * to show all)? (? for menu, Esc to quit)
a - a +0 trident (weapon)
You reach down and open the door.
You barely miss Crazy Yiuf.
You are feeling hungry.
Crazy Yiuf hits you with a +2 quarterstaff of chaos!
Space warps horribly around you!!
Ouch! That really hurt!
You die...

#....#^## ##........
#..###.P.P ##### #.##
#.._. #)..# ###.#
#.P.P #...#
#...####.... ...
#........... #g#
#........... ♣@♣♣
###.##.#.... ♣♣.♣
###....#.... ♣.♣♣
#...####.... ♣♣.♣
###......... ♣♣.♣♣
#.##.....# ♣♣)).♣
#.....#.. ♣....♣
##.....#... ...
#))..# ##..........
...
###....###......###..


You could see Crazy Yiuf.

Vanquished Creatures
  A worm (D:2)
  A dart slug (D:1)
  4 goblins (D:1)
  3 frilled lizards
  4 kobolds
  3 rats
16 creatures vanquished.

Notes
Turn   | Place    | Note
-------+----------+-------------------------------------------
     0 | D:1      | skk the Gargoyle Fighter began the quest for the Orb.
     0 | D:1      | Reached XP level 1. HP: 14/14 MP: 1/1
   270 | D:1      | Reached XP level 2. HP: 19/19 MP: 2/2
   929 | D:2      | Found a blossoming altar of Fedhas.
   965 | D:2      | Found a runed translucent door.
   966 | D:2      | Noticed Crazy Yiuf
  1014 | D:2      | Mangled by Crazy Yiuf

Action                   || total
-------------------------++-------
Melee: Trident           ||    56
 Abil: Evoke Flight      ||     1
  Use: Scroll            ||     1
Armor: Scale mail        ||    17
Dodge: Dodged            ||     7
Block: Shield            ||    14
